 Dungeon Crawl Stone Soup version 0.29-a0-541-gaf1fc19f1b (console) character file.

Game seed: 6027446541293826489

216 om the Ducker (level 5, 0/28 HPs)
             Began as a Deep Elf Fire Elementalist on June 2, 2022.
             Slain by Crazy Yiuf
             ... wielding a +3 quarterstaff of chaos
              (3 damage)
             ... on level 2 of the Dungeon.
             The game lasted 00:04:58 (2634 turns).

om the Ducker (Deep Elf Fire Elementalist)          Turns: 2634, Time: 00:04:59

Health: 0/28       AC:  3    Str:  7    XL:     5   Next: 61%
Magic:  5/13       EV: 13    Int: 20    God:
Gold:   101        SH:  0    Dex: 15    Spells: 6/12 levels left

rFire   . . .      SeeInvis .   f - +0 dagger
rCold   . . .      Faith    .   (no shield)
rNeg    . . .      Spirit   .   g - +0 leather armour
rPois   .          Reflect  .   (no helmet)
rElec   .          Harm     .   (no cloak)
rCorr   .          Rampage  .   (no gloves)
Will    .....                   (no boots)
Stlth   ++........              (no amulet)
HPRegen 0.09/turn               (no ring)
MPRegen 0.13/turn               (no ring)

@: no status effects
A: no striking features
a: no special abilities


You were on level 2 of the Dungeon.
You visited 1 branch of the dungeon, and saw 2 of its levels.

You collected 101 gold pieces.

Inventory:

Hand Weapons
 f - a +0 dagger (weapon)
Armour
 a - a +0 robe
 g - a +0 leather armour (worn)
Wands
 j - a wand of polymorph (10)
Scrolls
 c - a scroll of blinking
 d - 2 scrolls of teleportation
 l - a scroll of enchant armour
Potions
 b - a potion of magic
 h - a potion of flight
 i - a potion of lignification {unknown}


   Skills:
 * Level 1.5 Armour
 * Level 4.2 Dodging
 + Level 3.5 Stealth
 + Level 4.0 Spellcasting
 + Level 2.5 Conjurations
 + Level 4.0 Fire Magic


You had 6 spell levels left.
You knew the following spells:

 Your Spells              Type           Power      Damage    Failure   Level
a - Foxfire               Conj/Fire      68%        2x1d7     4%          1
b - Scorch                Fire           40%        2d7       5%          2
c - Conjure Flame         Conj/Fire      17%        6-21      14%         3

Your spell library contained the following spells:

 Spells                   Type           Power      Damage    Failure   Level
 Inner Flame              Hex/Fire       12%        N/A       24%         3
 Flame Wave               Conj/Fire      17%        2d6       43%         4
 Frozen Ramparts          Ice            8%         1d2       50%         3
 Ice Form                 Ice/Tmut       4%         N/A       88%         4
 Summon Ice Beast         Ice/Summ       4%         N/A       88%         4


Dungeon Overview and Level Annotations

Branches:
Dungeon (2/15)

Altars:
Uskayaw

Annotations:
D:2 Crazy Yiuf


Message History

As you read the scroll of identify, it crumbles to dust.
l - a scroll of enchant armour
Found a scroll of torment.
There is a stone staircase leading down here.
Found a mace.
Found a runed translucent door.
You open the door.
Crazy Yiuf shouts!
Casting: Foxfire (safe; 4% risk of failure)
Press: ? - help, Q - select action, (/) - cycle Dir - look around, f - activate You conjure some foxfire!
Casting: Foxfire (safe; 4% risk of failure)
Press: ? - help, Q - select action, (/) - cycle Dir - look around, f - activate You conjure some foxfire!
The foxfire hits Crazy Yiuf.
Crazy Yiuf is lightly wounded.
The foxfire hits Crazy Yiuf.
Crazy Yiuf is moderately wounded.
Crazy Yiuf attacks as you move away!
Crazy Yiuf hits you with a +3 quarterstaff of chaos!
You are poisoned.
You feel very sick.
The foxfire hits Crazy Yiuf!
Crazy Yiuf is heavily wounded.
The foxfire hits Crazy Yiuf but does no damage.
Crazy Yiuf is heavily wounded.
Crazy Yiuf whimpers, "Ghoul!
Rifle bag wrapper."
Casting: Foxfire (safe; 4% risk of failure)
Press: ? - help, Q - select action, (/) - cycle Dir - look around, f - activate You conjure some foxfire!
You feel sick.
Crazy Yiuf hits you with a +3 quarterstaff of chaos!
* * * LOW HITPOINT WARNING * * *
You feel your power leaking away.
It was a potion of curing.
You feel better.
The foxfire hits Crazy Yiuf.
Crazy Yiuf is almost dead.
The foxfire hits Crazy Yiuf.
Crazy Yiuf is almost dead.
Crazy Yiuf hits you with a +3 quarterstaff of chaos!
* * * LOW HITPOINT WARNING * * *
Crazy Yiuf freezes you.
You die...

♣♣.♣ #......#.# ♣♣.♣♣
#........# ♣♣...♣ ##..##.###
#### ♣....♣ #......# ####..#
##..## #.###..# ###
#.....####....####.# #..#####..
#.##.##.##.........###.........
#.##.##.###...g..###........#..
#.##.##.####..@..# #..#.##..###
#>##.##......§#### #..#.##..#
#........####.# #..#..#..#
####.###.####.# #.>##.#..#
#........#.# #........###
#####.##.#.# ##..........
#.##.#.##########.##.###
#.......................
####.##.##.######.##..#.


You could see Crazy Yiuf.

Vanquished Creatures
  Sigmund (D:2)
  An adder (D:2)
  A dart slug (D:2)
  2 ball pythons (D:1)
  2 bats
  6 endoplasms
  2 giant cockroaches (D:1)
  2 goblins
  5 hobgoblins
  6 jackals (D:1)
  6 kobolds
  2 quokkas (D:1)
  2 frilled lizards (D:1)
  2 rats
40 creatures vanquished.

Vanquished Creatures (others)
  110 foxfires
110 creatures vanquished.

Grand Total: 150 creatures vanquished

Notes
Turn   | Place    | Note
-------+----------+-------------------------------------------
     0 | D:1      | om the Deep Elf Fire Elementalist began the quest for the
                  | Orb.
     0 | D:1      | Reached XP level 1. HP: 10/10 MP: 6/6
   177 | D:1      | Reached XP level 2. HP: 4/15 MP: 5/8
   897 | D:1      | Reached XP level 3. HP: 16/19 MP: 6/9
  1289 | D:1      | Learned a level 2 spell: Scorch
  1293 | D:1      | Learned a level 3 spell: Conjure Flame
  1745 | D:2      | Noticed Sigmund
  1754 | D:2      | Killed Sigmund
  1755 | D:2      | Reached skill level 1 in Armour
  1755 | D:2      | Reached XP level 4. HP: 24/24 MP: 1/11
  1755 | D:2      | Reached XP level 5. HP: 28/28 MP: 1/12
  1768 | D:2      | Found a hide-covered altar of Uskayaw.
  2567 | D:2      | Found a runed translucent door.
  2568 | D:2      | Noticed Crazy Yiuf
  2634 | D:2      | Slain by Crazy Yiuf

Illustrated notes

Levels and vault maps discovered:
D:1:      dpeg_arrival_orchard, layout_basic, chequers_decorated_corner,
          chequers_serial_rivers_room_b
D:2:      layout_loops_cross, basic_altar, amcnicky_mini_rare_corridor_liquid,
          uniq_sigmund, uniq_crazy_yiuf_cottage

Skill      XL: |  1  2  3  4  5 |
---------------+----------------+-----
Dodging        | 3 4 |  4.2
Armour         | 1 |  1.5
Stealth        | 3 |  3.5
Conjurations   | 2 |  2.5
Spellcasting   | 4 |  4.0
Fire Magic     | 4 |  4.0

Action                   |  1- 3 |  4- 6 || total
-------------------------+-------+-------++-------
Melee: Dagger            |    10 |       ||    10
 Cast: Foxfire           |    53 |    13 ||    66
  Use: Scroll            |       |     6 ||     6
       Potion            |       |     1 ||     1
Armor: Leather armour    |     6 |     1 ||     7
Dodge: Dodged            |    22 |       ||    22

Table legend: (Time is in decaauts)
 A = Elapsed time spent in this place.
 B = Non-inter-level travel time spent in this place.
 C = Inter-level travel time spent in this place.
 D = Time resting spent in this place.
 E = Time spent auto-exploring this place.
 F = Levels seen in this place.
 G = Mean time per level.
                   A        B        C        D        E       F      G
               +--------+--------+--------+--------+--------+-----+--------+
         Total |   2638 |   2566 |     72 |    746 |   1445 |   2 | 1319.0 |
       Dungeon |   2638 |   2566 |     72 |    746 |   1445 |   2 | 1319.0 |
               +--------+--------+--------+--------+--------+-----+--------+

Top non-repeatable levels by time:
     D:1: 1753 daAuts
     D:2: 884 daAuts
